 Dungeon Crawl Stone Soup version 0.27-a0-409-gd57800a693 (webtiles) character file.

Game seed: 6772223873972763431

95 sefie the Ruffian (level 4, -8/42 HPs)
             Began as a Naga Abyssal Knight on Feb 23, 2021.
             Was a Believer of Lugonu.
             Killed from afar by Ijyb (15 damage)
             ... with a bolt of acid
             ... on level 3 of the Dungeon.
             The game lasted 00:10:35 (2236 turns).

sefie the Ruffian (Naga Abyssal Knight)             Turns: 2236, Time: 00:10:36

Health: -8/42      AC:  0    Str: 14    XL:     4   Next: 65%
Magic:  6/6        EV:  9    Int: 12    God:    Lugonu [**....]
Gold:   130        SH:  0    Dex: 12    Spells: 3/3 levels left

rFire    . . .     SeeInvis +     - Unarmed
rCold    . . .     Faith    .   (no shield)
rNeg     . . .     Spirit   .   a - +0 leather armour
rPois    +         Reflect  .   (no helmet)
rElec    .         Harm     .   (no cloak)
rCorr    .         Rampage  .   f - +0 pair of gloves
Will     .....                  (no barding)
Stlth    +.........             (no amulet)
HPRegen  0.14/turn              (no ring)
MPRegen  0.10/turn              (no ring)

@: short of breath, corroded, invisible, very slow
A: large, see invisible, deformed body, poison resistance, slowness 2, spit
poison 1, AC +1
a: Spit Poison, Renounce Religion, Depart the Abyss, Bend Space


You were on level 3 of the Dungeon.
You worshipped Lugonu.
Lugonu was pleased with you.
You visited 1 branch of the dungeon, and saw 3 of its levels.
You visited the Abyss 1 time.

You collected 130 gold pieces.

Inventory:

Missiles
 d - 88 stones (quivered)
Armour
 a - a +0 leather armour (worn)
 f - a +0 pair of gloves (worn)
 l - a +0 helmet
Scrolls
 b - a scroll of blinking {unknown}
 c - 2 scrolls of teleportation {unknown}
 g - a scroll of enchant weapon {unknown}
 h - a scroll of random uselessness {unknown}
 k - a scroll of identify {unknown}
Potions
 e - 2 potions of degeneration {unknown}
 i - a potion of haste {unknown}


   Skills:
 - Level 3.0 Fighting
 - Level 1.5 Armour
 - Level 0.7 Dodging
 + Level 1.5 Stealth
 - Level 4.0 Unarmed Combat
 + Level 3.1 Invocations


You had 3 spell levels left.
You didn't know any spells.
Your spell library was empty.

Dungeon Overview and Level Annotations

Branches:
Dungeon (3/15)

Altars:

Annotations:
D:2 Robin
D:3 Ijyb


Innate Abilities, Weirdness & Mutations

You cannot wear boots.
Your serpentine skin is tough. (AC +1)
You have supernaturally acute eyesight. (SInv)
Armour fits poorly on your strangely shaped body.
Your system is resistant to poisons. (rPois)
You cover ground very slowly.
You can spit poison.


Message History

The orc moves out of view.
A goblin comes into view. It is wielding a +0 dagger.
An orc comes into view.
You see here a helmet.
l - a helmet An orc wizard comes into view.
It is wielding a +0 club.
Okay, then.
Unknown command.
Unknown command.
Unknown command.
Found a scale mail.
Ijyb the Twisted Goblin comes into view.
She is wielding a +0 dagger and carrying a wand of acid (9).
Found an iron ring.
Ijyb shouts!
An orc comes into view. It is wielding a +0 flail.
Press: ? - help, Shift-Dir - straight line, f - Ijyb
Aim: Ijyb, wielding a +0 dagger, wearing a +0 leather armour and carrying a wand of acid (9)
The splash of poison hits Ijyb!
Ijyb is heavily wounded.
The orc shouts!
You barely miss Ijyb. You punch Ijyb.
Ijyb is heavily wounded.
Ijyb hits you but does no damage.
You barely miss Ijyb. You punch Ijyb, but do no damage.
Ijyb is heavily wounded.
You have got your breath back.
Ijyb zaps a wand.
The bolt of acid hits you! The acid corrodes you!
You are splashed with acid!!
* * * LOW HITPOINT WARNING * * *
Press: ? - help, Shift-Dir - straight line, f/p - Ijyb
Aim: Ijyb, wielding a +0 dagger, wearing a +0 leather armour and carrying a wand of acid (8) (heavily wounded)
The splash of poison misses Ijyb.
The splash of poison hits the orc!
You kill the orc!
Lugonu accepts your kill. Ijyb hits you but does no damage.
Unknown command.
Unknown command.
You fade into invisibility!
Ijyb zaps a wand.
The bolt of acid hits you!
You die...

#.........# #
#######....†#######.#.#.
..................[..>..
######..............#'#.
######.############.....
.................# ....
######.#########.# ...
#.# #.# .. #.# #@# g #^#
#g# # #.# #)# # #.# ..#
# #.# ..# ## .[.# .#
..=# .### ....# .#..


You could see Ijyb.

Vanquished Creatures
  3 adders
  An ooze (D:1)
  2 worms
  2 dart slugs
  An orc (D:3)
  3 ball pythons
  9 bats
  5 giant cockroaches
  8 goblins
  4 hobgoblins (D:1)
  2 jackals (D:1)
  6 kobolds
  A quokka (D:1)
  4 frilled lizards
51 creatures vanquished.

Notes
Turn   | Place    | Note
-------+----------+-------------------------------------------
     0 | Abyss:1  | sefie the Naga Abyssal Knight began the quest for the Orb.
     0 | Abyss:1  | Reached XP level 1. HP: 21/21 MP: 2/2
    50 | Abyss:1  | Noticed a sixfirhy
    51 | D:1      | Escaped the Abyss
   143 | D:1      | Reached * piety under Lugonu
   353 | D:1      | Reached XP level 2. HP: 28/28 MP: 3/3
   459 | D:1      | Reached skill level 3 in Unarmed Combat
   637 | D:1      | Reached XP level 3. HP: 33/34 MP: 4/4
  1392 | D:2      | Reached skill level 4 in Unarmed Combat
  1454 | D:2      | Reached XP level 4. HP: 30/42 MP: 5/5
  1684 | D:2      | Noticed Robin
  1970 | D:3      | Reached ** piety under Lugonu
  1971 | D:3      | Reached skill level 1 in Stealth
  2228 | D:3      | Noticed Ijyb
  2236 | D:3      | Killed from afar by Ijyb

Illustrated notes

Levels and vault maps discovered:
D:1:      minmay_arrival_stair_chambers, layout_basic, minmay_pentomino_q4
D:2:      layout_rooms, corexii_item_surrounded_by_moat, uniq_robin
D:3:      layout_basic, nicolae_qazlal_general_emergency, uniq_ijyb

Skill      XL: |  1  2  3  4 |
---------------+-------------+-----
Unarmed Combat | 3 4 |  4.0
Stealth        | 1 |  1.5
Invocations    | 3 |  3.1
Fighting       | |  3.0
Armour         | |  1.5
Dodging        | |  0.7

Action                   |  1- 3 |  4- 6 || total
-------------------------+-------+-------++-------
Melee: Unarmed           |    92 |    40 ||   132
       Punch             |     1 |     3 ||     4
Throw: Stone             |     1 |     3 ||     4
Invok: Depart the Abyss  |     1 |       ||     1
 Abil: Spit Poison       |    31 |    12 ||    43
  Use: Potion            |       |     1 ||     1
Armor: Leather armour    |    46 |    17 ||    63
Dodge: Dodged            |    48 |    19 ||    67

Table legend: (Time is in decaauts)
 A = Elapsed time spent in this place.
 B = Non-inter-level travel time spent in this place.
 C = Inter-level travel time spent in this place.
 D = Time resting spent in this place.
 E = Time spent auto-exploring this place.
 F = Levels seen in this place.
 G = Mean time per level.
                   A        B        C        D        E       F      G
               +--------+--------+--------+--------+--------+-----+--------+
         Total |   2697 |   2519 |    178 |     67 |   1904 |   4 |  674.2 |
       Dungeon |   2626 |   2448 |    178 |     67 |   1840 |   3 |  875.3 |
         Abyss |     71 |     71 |      0 |      0 |     64 |   1 |   71.0 |
               +--------+--------+--------+--------+--------+-----+--------+

Top non-repeatable levels by time:
     D:1: 1730 daAuts
     D:3: 509 daAuts
     D:2: 386 daAuts
 Abyss:1: 71 daAuts
